 Dungeon Crawl Stone Soup version 0.28.0-53-g5a82cb258f (webtiles) character file.

Game seed: 13570070325133642363

3 purpskrrrp the Covered (level 1, -1/14 HPs)
             Began as a Hill Orc Wanderer on June 23, 2022.
             Frozen to death by an endoplasm (5 damage)
             ... on level 1 of the Dungeon.
             The game lasted 00:01:10 (298 turns).

purpskrrrp the Covered (Hill Orc Wanderer)           Turns: 298, Time: 00:01:11

Health: -1/14      AC:  8    Str: 16    XL:     1   Next: 50%
Magic:  1/2        EV:  6    Int: 12    God:
Gold:   0          SH:  0    Dex:  8    Spells: 1/2 levels left

rFire   . . .      SeeInvis .   a - +2 dagger
rCold   . . .      Faith    .   (no shield)
rNeg    . . .      Spirit   .   c - +0 scale mail
rPois   .          Reflect  .   d - +0 helmet
rElec   .          Harm     .   (no cloak)
rCorr   .          Rampage  .   (no gloves)
Will    .....                   (no boots)
Stlth   ..........              (no amulet)
HPRegen 0.04/turn               (no ring)
MPRegen 0.08/turn               (no ring)

@: very slightly contaminated, constricted
A: no striking features
a: no special abilities


You were on level 1 of the Dungeon.
You visited 1 branch of the dungeon, and saw 1 of its levels.

Inventory:

Hand Weapons
 a - a +2 dagger (weapon)
Missiles
 b - a curare-tipped dart (quivered)
Armour
 c - a +0 scale mail (worn)
 d - a +0 helmet (worn)
Potions
 e - a potion of heal wounds {unknown}


   Skills:
 + Level 3.6 Throwing
 + Level 4.5 Armour
 + Level 1.0 Spellcasting
 + Level 1.0 Summonings


You had one spell level left.
You knew the following spells:

 Your Spells              Type           Power      Damage    Failure   Level
a - Summon Small Mammal   Summ           12%        N/A       54%         1

Your spell library contained the following spells:

 Spells                   Type           Power      Damage    Failure   Level
 Summon Guardian Golem    Hex/Summ       1%         N/A       94%         3


Dungeon Overview and Level Annotations

Branches:
Dungeon (1/15)

Altars:


Message History

You see here a +0 whip.
e - a grey potion
Found 27 stones.
An endoplasm and a ball python come into view.
The ball python hisses angrily.
There are monsters nearby!
Casting: Summon Small Mammal (safe; 54% risk of failure)
Confirm with . or Enter, or press ? or * to list all spells.
You miscast Summon Small Mammal.
You are very lightly contaminated with residual magic.
Nothing appears to happen.
You barely miss the ball python. The ball python closely misses you.
The ball python grabs you. The ball python constricts you.
The ball python bites you but does no damage.
The ball python constricts you.
You hit the ball python but do no damage.
The ball python bites you but does no damage.
The ball python constricts you.
You hit the ball python.
The ball python is moderately wounded.
The ball python bites you but does no damage.
The ball python constricts you.
The endoplasm hits you but does no damage.
You closely miss the ball python.
The ball python is moderately wounded.
The ball python bites you. The ball python constricts you.
The endoplasm freezes you.
You are frozen.
You closely miss the ball python.
The ball python is moderately wounded.
The ball python bites you but does no damage.
The ball python constricts you. The endoplasm hits you.
* * * LOW HITPOINT WARNING * * *
You closely miss the ball python.
The ball python is moderately wounded.
The ball python bites you but does no damage.
The ball python constricts you. The endoplasm freezes you.
You are frozen.
You die...

...#.# ... ...#.#
##.###..#.#
...#.....#
###..#.....# # . #
....#..#.###### #
...#.##..#.........(
#
.......JS#..#######.
#....@...........
###.#.#..########
.....#..# ###.###..#
........##
###.#.....#
#.#.....# #.#.....#
#.#...).#


You could see an endoplasm and a ball python.

Vanquished Creatures
  An endoplasm (D:1)
  A ball python (D:1)
  A frilled lizard (D:1)
  A rat (D:1)
4 creatures vanquished.

Notes
Turn   | Place    | Note
-------+----------+-------------------------------------------
     0 | D:1      | purpskrrrp the Hill Orc Wanderer began the quest for the
                  | Orb.
     0 | D:1      | purpskrrrp set off with the following items: a +2 dagger, a
                  | curare-tipped dart, a +0 scale mail; and the following
                  | spell memorised: Summon Small Mammal; and the following
                  | spells available to memorise: Summon Guardian Golem
     0 | D:1      | Reached XP level 1. HP: 14/14 MP: 2/2
   298 | D:1      | Frozen to death by an endoplasm

Illustrated notes

Levels and vault maps discovered:
D:1:      shiori_arrival_elements, layout_basic, minmay_tromino_i4

Action                   || total
-------------------------++-------
Melee: Dagger            ||    16
 Cast: Summon Small Mamm ||     1
Armor: Scale mail        ||     8
Dodge: Dodged            ||     4
